 Dungeon Crawl Stone Soup version 0.27-a0-1123-g2f9bb313c0 (webtiles) character file.

Game seed: 14425641837496973001

49 Zeld the Skirmisher (level 3, 0/26 HPs)
             Began as an Octopode Fighter on May 3, 2021.
             Slain by a giant cockroach (1 damage)
             ... on level 1 of the Dungeon.
             The game lasted 00:01:47 (2317 turns).

Zeld the Skirmisher (Octopode Fighter)              Turns: 2317, Time: 00:01:47

Health: 0/26       AC:  1    Str: 16    XL:     3   Next: 75%
Magic:  3/3        EV: 11    Int: 10    God:
Gold:   59         SH:  9    Dex: 11    Spells: 2/2 levels left

rFire    . . .     SeeInvis .   a - +0 war axe
rCold    . . .     Faith    .   b - +0 kite shield
rNeg     . . .     Spirit   .   (helmet restricted)
rPois    .         Reflect  .   (no amulet)
rElec    .         Harm     .   (no ring)
rCorr    .         Rampage  .   (no ring)
Will     .....                  (no ring)
Stlth    ++........             (no ring)
HPRegen  0.08/turn              (no ring)
MPRegen  0.08/turn              (no ring)
                                (no ring)
                                (no ring)

@: no status effects
A: almost no armour, amphibious, 8 rings, camouflage 1, gelatinous body 1,
(nimble swimmer 1), tentacles
a: no special abilities


You were on level 1 of the Dungeon.
You visited 1 branch of the dungeon, and saw 2 of its levels.

You collected 59 gold pieces.

Inventory:

Hand Weapons
 a - a +0 war axe (weapon)
Armour
 b - a +0 kite shield (worn)
Scrolls
 d - a scroll of noise {unknown}
 e - 2 scrolls of identify {unknown}
 f - a scroll of teleportation {unknown}
Potions
 c - 2 potions of might


   Skills:
 * Level 3.6 Fighting
 * Level 2.7 Axes
 - Level 3.0 Dodging
 * Level 3.5 Shields


You had 2 spell levels left.
You didn't know any spells.
Your spell library was empty.

Dungeon Overview and Level Annotations

Branches:
Dungeon (2/15)

Altars:


Innate Abilities, Weirdness & Mutations

You cannot wear most types of armour.
You are amphibious.
You can wear up to eight rings at the same time.
Your skin changes colour to match your surroundings (Stealth+).
Your rubbery body absorbs attacks. (AC +1, EV +1)
((You are camouflaged near water. (Stealth+)))
You have tentacles for arms and can constrict up to eight enemies at once.


Message History

You climb downwards.
The giant cockroach barely misses you.
The gnoll hits you from afar with a +0 halberd.
The gnoll hits you with a +0 club. The giant cockroach barely misses you.
There is a stone staircase leading up here.
You block the giant cockroach's attack.
The gnoll hits you from afar with a +0 halberd!
Ouch! That really hurt!
* * * LOW HITPOINT WARNING * * *
The gnoll hits you with a +0 club.
* * * LOW HITPOINT WARNING * * *
You climb upwards.
There is a stone staircase leading down here.
You block the giant cockroach's attack.
You closely miss the gnoll. You grab the gnoll. You constrict the gnoll.
You block the gnoll's attack. The gnoll hits you with a +0 club.
* * * LOW HITPOINT WARNING * * *
You release your grip on the gnoll.
There is an open door here.
The giant cockroach waves its antennae.
There is an open door here.
You close the door.
A gnoll opens the door.
The giant cockroach waves its antennae.
There is a stone staircase leading down here.
You climb downwards.
An adder and a kobold come into view.
The kobold shouts!
You block the gnoll's attack.
Found a scroll labelled EPHUCI ALLAINU.
There is a stone staircase leading up here.
The gnoll misses you. You block the kobold's attack.
You climb upwards.
You block the gnoll's attack. You block the giant cockroach's attack.
The gnoll hits you with a +0 club.
* * * LOW HITPOINT WARNING * * *
The giant cockroach bites you but does no damage.
There is a stone staircase leading down here.
Unknown command.
You slash the gnoll! Your grab misses the gnoll. You squeeze the gnoll.
You kill the gnoll!
You barely miss the giant cockroach. The giant cockroach bites you.
You die...

.# #...........#
.# #...........#
.# #...........#
###### .#
#...........#
#..... .#
#...........#
#..... .#
#########..##
#..... .# #.K#
#.....
.###############B#
#.....
...............)@#
#.....
........##########
#..... #########
#..... #.....
#..... #.....
#..... #.....
######


You could see a giant cockroach and a kobold.

Vanquished Creatures
  2 gnolls (D:1)
  A dart slug (D:1)
  4 ball pythons
  3 endoplasms (D:1)
  A giant cockroach (D:2)
  4 goblins (D:1)
  A hobgoblin (D:1)
  7 jackals
  2 quokkas
  3 bats (D:1)
  2 frilled lizards (D:1)
  4 rats (D:1)
34 creatures vanquished.

Notes
Turn   | Place    | Note
-------+----------+-------------------------------------------
     0 | D:1      | Zeld the Octopode Fighter began the quest for the Orb.
     0 | D:1      | Reached XP level 1. HP: 16/16 MP: 1/1
   142 | D:1      | Reached XP level 2. HP: 17/21 MP: 2/2
   628 | D:1      | Found a faded altar of an unknown god.
  1021 | D:1      | Reached XP level 3. HP: 17/26 MP: 3/3
  2237 | D:1      | HP: 1/26 [gnoll/+0 club (2)]
  2316 | D:1      | HP: 1/26 [gnoll/+0 club (6)]
  2317 | D:1      | Slain by a giant cockroach

Illustrated notes

Levels and vault maps discovered:
D:1:      mrwooster_arrival_statue_2, layout_basic,
          shapermc_ecumenical_altar_mp_vishouse
D:2:      layout_rooms, kennysheep_generic_room_13

Action                   || total
-------------------------++-------
Melee: War axe           ||    61
       Tentacles         ||    13
       Constrict         ||    16
 Stab: Sleeping          ||     5
Armor: Skin              ||     9
Dodge: Dodged            ||    44
Block: Kite shield       ||    47

Table legend: (Time is in decaauts)
 A = Elapsed time spent in this place.
 B = Non-inter-level travel time spent in this place.
 C = Inter-level travel time spent in this place.
 D = Time resting spent in this place.
 E = Time spent auto-exploring this place.
 F = Levels seen in this place.
 G = Mean time per level.
                   A        B        C        D        E       F      G
               +--------+--------+--------+--------+--------+-----+--------+
         Total |   2356 |   2319 |     37 |    431 |   1556 |   2 | 1178.0 |
       Dungeon |   2356 |   2319 |     37 |    431 |   1556 |   2 | 1178.0 |
               +--------+--------+--------+--------+--------+-----+--------+

Top non-repeatable levels by time:
     D:1: 2217 daAuts
     D:2: 138 daAuts
